Cogmind - Beta 16.1 @@@ ROGUE MODE // 2026.01.24 @ 21:02:16 Player: H3-MLN Result: Destroyed by OZ-R75(R) with Subdweller Laser Performance ------------- Evolutions (0) 0 Regions Visited (2) 400 Robots Destroyed (24) 120 Value Destroyed (666) 666 Prototype IDs (13) 260 Alien Tech Used (0) 0 Bonus (0) 0 TOTAL SCORE: 1446 Bonus ------- None Cogmind --------- Core Integrity 0/250 Matter 200/300 Energy 115/200 System Corruption 0% Temperature Warm (107) Movement Treading (240) Ox1 Location -10/Subcaves Parts ------- > --- POWER (1) -------- Subdweller Power Source > --- PROPULSION (2) --- Light Treads Light Treads > --- UTILITY (2) ------ High-capacity Storage Unit Medium Armor Plating > --- WEAPON (2) ------- Subdweller Beam Cannon Subdweller Beam Cannon > --- INVENTORY (20) --- Arachnoskeleton Subdweller Laser Subdweller Shrapnel Launcher SUBCON Basin (Full) Peak State ------------ > --- POWER ------------ Subdweller Power Source > --- PROPULSION ------- Light Treads Light Treads > --- UTILITY ---------- High-capacity Storage Unit Medium Armor Plating > --- WEAPON ----------- EM Shotgun Subdweller Machine Gun > --- INVENTORY -------- Arachnoskeleton Medium Armor Plating Medium Laser SUBCON Basin [Rating: 31] Favorites ----------- Power Subdweller Power Source Engine Subdweller Power Source Propulsion Light Treads Treads Light Treads Wheel Compact Wheel Utility High-capacity Storage Unit Device Improved Terrain Scanner Storage High-capacity Storage Unit Protection Medium Armor Plating Weapon EM Shotgun Energy Gun EM Shotgun Energy Cannon Subdweller Beam Cannon Ballistic Gun Subdweller Machine Gun Launcher Subdweller Shrapnel Launcher Slashing Weapon Mining Claw Build | -11 -10 -10 ------- Run | Yrd Mat Sub Slots Evolved . | . . . Power . | . . . Propulsion . | . . . Utility . | . . . Weapon . | . . . Parts Attached 25 | 7 3 15 Power 3 | 1 1 1 Engine 3 | 1 1 1 Core . | . . . Reactor . | . . . Propulsion 5 | 2 . 3 Treads 4 | 1 . 3 Leg . | . . . Wheel 1 | 1 . . Hover . | . . . Flight . | . . . Utility 7 | 2 2 3 Device 1 | 1 . . Storage 2 | 1 1 . Processor . | . . . Hackware . | . . . Protection 4 | . 1 3 Artifact . | . . . Weapon 10 | 2 . 8 Energy Gun 3 | 1 . 2 Energy Cannon 2 | . . 2 Ballistic Gun 3 | 1 . 2 Ballistic Cannon . | . . . Launcher 1 | . . 1 Special Weapon . | . . . Impact Weapon . | . . . Slashing Weapon 1 | . . 1 Piercing Weapon . | . . . Special Melee Weapon . | . . . Unidentified Prototypes . | . . . Parts Lost 7 | . . 7 Power 1 | . . 1 Propulsion 2 | . . 2 Utility 2 | . . 2 Weapon 2 | . . 2 Highest Loss Streak 4 | . . 4 To Critical Strikes . | . . . Average Backups 9 | 3 13 8 Power . | . 1 . Propulsion 2 | 1 2 2 Utility 2 | . 5 2 Weapon 3 | . 5 3 Tool/Special . | . . . Unused Backups 12 | . 1 11 Power 1 | . . 1 Propulsion 3 | . . 3 Utility 3 | . . 3 Weapon 5 | . 1 4 Tool/Special . | . . . Average Slot Usage (%) 99 | . 100 99 Engine 13 | . 14 13 Treads 23 | . 14 24 Wheel 4 | . 14 3 Storage 14 | . 14 14 Protection 13 | . 12 13 Energy Gun 12 | . 14 12 Energy Cannon 3 | . . 4 Ballistic Gun 11 | . 14 10 Peak Build Rating 31 | 9 10 31 Average Rating 21 | 7 9 23 On Entrance 6 | . 9 10 Avg Prop Armor Cover (%) 8 | 14 8 8 Naked Turns . | . . . Heaviest Build 68 | 13 56 68 Greatest Support 40 | 16 16 40 Greatest Overweight (x) 3 | . 3 3 Average Overweight (x) 1 | . 2 1 Largest Inventory Capacity 20 | 8 20 20 Average Capacity 19 | 7 18 20 Most Carried 20 | 5 16 20 Average Carried 18 | 3 13 19 Final Capacity 20 | 8 20 20 Final Carried 20 | 4 16 20 Class Distribution -------------------- 100% | Mutant Dominant Class ---------------- Mutant | -10/Materials Mutant | -10/Subcaves Resources | -11 -10 -10 ----------- Run | Yrd Mat Sub Matter Collected 629 | 297 117 215 Remotely . | . . . Salvage Created 789 | 88 154 547 Parts 46 | 12 6 28 Haulers Intercepted 1 | . 1 . Recyclers Shooed 1 | 1 . . Parts Field Recycled . | . . . Retrieved Matter . | . . . Parts Self-Destructed 19 | . . 19 Prevented . | . . . Parts Restored . | . . . Kills | -11 -10 -10 ------- Run | Yrd Mat Sub Combat Hostiles Destroyed 17 | . 2 15 Melee 1 | . . 1 Guns 9 | . 2 7 Cannons 3 | . . 3 AOE 2 | . . 2 Classes Destroyed 7 | 1 3 3 Tunneler 5 | 5 . . Hauler 1 | . 1 . Watcher 1 | . 1 . Swarmer 2 | . . 2 Grunt 2 | . 2 . Sentry 1 | . . 1 Subdweller 12 | . . 12 Best Kill Streak 4 | 4 2 2 Combat Bots Only 2 | . 2 2 Max Kills in Single Turn 1 | 1 1 1 Gunslinging . | . . . Exploded 1 | . . 1 Melee 1 | . . 1 Uniques/NPCs Destroyed . | . . . Combat | -11 -10 -10 -------- Run | Yrd Mat Sub Hostile Shots Fired 92 | . 8 84 Missed 24 | . 3 21 Hits 68 | . 5 63 Projectile 68 | . 5 63 AOE 1 | . . 1 Critical Strikes 1 | . . 1 Damage Taken 1339 | . 53 1286 Core 255 | . . 255 Absorbed by Shields . | . . . Core Remaining (%) 100 | 100 . . Volleys Fired 77 | 21 17 39 Largest 2 | 2 2 2 Hottest 160 | 70 70 160 Shots Fired 138 | 42 34 62 Gun 121 | 42 34 45 Cannon 13 | . . 13 Launcher 4 | . . 4 Special . | . . . Kinetic 64 | 21 17 26 Thermal 60 | 21 17 22 Explosive . | . . . Electromagnetic 14 | . . 14 Robot Hit Streak 14 | 9 7 14 Robot Miss Streak 6 | 6 4 5 Penetration Max . | . . . Secondary Targets . | . . . Shots Hit Robots 107 | 24 21 62 Core Hits 41 | 6 9 26 Critical Kills 1 | . . 1 Critical Parts Destroyed . | . . . Critical Strikes 4 | 2 . 2 Burn 3 | 2 . 1 Meltdown 1 | . . 1 Melee Attacks 37 | . . 37 Impact . | . . . Slashing 37 | . . 37 Piercing . | . . . Sneak Attacks . | . . . Combat Hostiles . | . . . Follow-up Attacks . | . . . Damage Inflicted 1923 | 334 271 1318 Guns 975 | 334 271 370 Cannons 140 | . . 140 Explosions 286 | . . 286 Melee 522 | . . 522 Ramming . | . . . Kinetic 738 | 170 155 413 Thermal 520 | 164 116 240 Explosive . | . . . Electromagnetic 143 | . . 143 Impact . | . . . Slashing 522 | . . 522 Piercing . | . . . Highest Corruption . | . . . Average Corruption . | . . . Corruption Purged . | . . . Corruption Blocked . | . . . Overload Shots . | . . . Overflow Damage . | . . . Projectiles . | . . . Explosions . | . . . Melee . | . . . Knockbacks . | . . . Impact . | . . . Kinetic . | . . . Secondary . | . . . Self-Inflicted Damage . | . . . Shots . | . . . Rammed . | . . . Targets Rammed . | . . . Kicked . | . . . Crushed . | . . . Highest Temperature 171 | 171 156 101 Average Temperature 60 | 79 48 32 Received Heat Transfer 294 | . 30 264 Siege Activations . | . . . Martial Activations . | . . . Shielding Activations . | . . . Robots Disrupted . | . . . Combat Hostiles . | . . . Robots Corrupted . | . . . Combat Hostiles . | . . . Parts Fried . | . . . Impact Corruptions . | . . . Robots Melted 1 | . . 1 Combat Hostiles 1 | . . 1 Parts Melted 2 | 1 . 1 Heat Transferred 1517 | 629 333 555 Parts Sabotaged . | . . . Parts Stolen . | . . . Parts Stripped . | . . . Power Chain Reactions . | . . . Alert | -11 -10 -10 ------- Run | Yrd Mat Sub Maximum Alert Level . | . . . Low Security (%) 100 | 100 100 . Level 1 . | . . . Level 2 . | . . . Level 3 . | . . . Level 4 . | . . . Level 5 . | . . . High Security . | . . . Max Security . | . . . Peak Influence 30 | 5 30 . Initial . | . . . Average 2 | . 2 . Influence Increases 161 | 25 66 70 Destroy 0b10 Robot/C 100 | . 40 60 Destroy 0b10 Robot/NC 35 | 25 10 . Destroy Leader 14 | . 4 10 Successful Hack 11 | . 11 . Destroy Structure 1 | . 1 . Influence Decreases 161 | 25 66 70 Time Decay 161 | 25 66 70 Squads Dispatched . | . . . Investigation . | . . . Extermination . | . . . Reinforcement . | . . . Assault . | . . . Garrison . | . . . Intercept . | . . . Searches Triggered . | . . . Construction Impeded . | . . . Haulers Reinforced . | . . . Active Scanning Responses . | . . . Cargo Convoy Interrupts . | . . . Stealth | -11 -10 -10 --------- Run | Yrd Mat Sub Distress Signals . | . . . Communications Jammed . | . . . Distress Signals . | . . . Times Spotted 22 | . 6 16 Peak Tracking Total 4 | . 4 3 Tactical Retreats . | . . . Traps | -11 -10 -10 ------- Run | Yrd Mat Sub Traps Triggered 1 | . . 1 Indirectly . | . . . Trap Hack Attempts . | . . . Triggered . | . . . Disarmed . | . . . Reprogrammed . | . . . Reused 1 | . . 1 Traps Extracted . | . . . Installed 1 | . . 1 Triggered . | . . . Machines | -11 -10 -10 ---------- Run | Yrd Mat Sub Machines Disabled 1 | . . 1 Max in Single Turn 1 | . . 1 Machines Repaired . | . . . Machines Dismantled . | . . . Machines Sabotaged . | . . . Overloaded Fab Kills . | . . . Hacking | -11 -10 -10 --------- Run | Yrd Mat Sub Machines Accessed 7 | . 4 3 Terminals 4 | . 4 . Fabricators . | . . . Repair Stations . | . . . Recycling Units . | . . . Scanalyzers . | . . . Garrison Access . | . . . Total Hacks 13 | . 10 3 Successful 6 | . 3 3 Failed 7 | . 7 . Catastrophic 1 | . 1 . Database Lockouts . | . . . Manual 7 | . 7 . Terminals 10 | . 10 . Fabricators . | . . . Repair Stations . | . . . Recycling Units . | . . . Scanalyzers . | . . . Garrison Access . | . . . Terminal Hacks 6 | . 3 3 Part Schematic 1 | . 1 . Robot Analysis 1 | . 1 . Open Door 1 | . . 1 Locate Traps 1 | . 1 . Proto ID Catalog 1 | . . 1 Release Object 1 | . . 1 Fabricator Hacks . | . . . Repair Station Hacks . | . . . Recycling Unit Hacks . | . . . Scanalyzer . | . . . Garrison Access Hacks . | . . . Unauthorized Hacks . | . . . Terminals . | . . . Fabricators . | . . . Repair Stations . | . . . Recycling Units . | . . . Scanalyzers . | . . . Garrison Access . | . . . Data Cores Recovered . | . . . Used . | . . . Hacking Detections 4 | . 4 . Full Trace Events . | . . . Feedback Events . | . . . Feedback Blocked . | . . . Robot Schematics Acquired . | . . . Robots Built . | . . . Authchips . | . . . Time . | . . . Total Robot Build Rating . | . . . Part Schematics Acquired 1 | . 1 . Parts Built . | . . . Authchips . | . . . Time . | . . . Total Part Build Rating . | . . . Part Studies Acquired . | . . . Parts Repaired . | . . . Time . | . . . Parts Recycled . | . . . Recycled Matter . | . . . Retrieved Matter . | . . . Retrieved Components . | . . . Parts Scanalyzed . | . . . Part Schematics Acquired . | . . . Parts Damaged . | . . . Bothacking | -11 -10 -10 ------------ Run | Yrd Mat Sub Used RIF Installer . | . . . Robots Hacked . | . . . Non-combat . | . . . Combat . | . . . Robot Hacks Applied . | . . . Relay Couplers Released . | . . . Fabnet Peak Effective % . | . . . Robots Rewired . | . . . Allies Hacked . | . . . Hacks Repelled . | . . . Allies | -11 -10 -10 -------- Run | Yrd Mat Sub Total Allies . | . . . Largest Group . | . . . Highest-Rated Group . | . . . Highest-Rated Ally . | . . . Total Orders . | . . . Ally Attacks . | . . . Total Damage . | . . . Kills . | . . . Allies Corrupted . | . . . Allies Melted . | . . . Intel | -11 -10 -10 ------- Run | Yrd Mat Sub Active Infowar (turns) 130 | 86 44 . Terrain 130 | 86 44 . Robot Analysis Total 1 | . 1 . Derelict Logs Recovered 2 | . . 2 Drone Launches . | . . . Drone Recoveries . | . . . Exploration | -11 -10 -10 ------------- Run | Yrd Mat Sub Turns Passed 4027 | 130 403 3494 Spaces Moved 1769 | 53 237 1479 Core 5 | 5 . . Treads 1037 | . . 1037 Legs . | . . . Wheels 727 | 48 237 442 Hover . | . . . Flight . | . . . Fastest Speed 50 | 50 100 145 Average Speed 198 | 95 139 211 Slowest Speed 240 | 100 145 240 Overloaded Moves . | . . . Propulsion Burnouts . | . . . Robots Hopped . | . . . Potential Cave-ins . | . . . Cave-ins Triggered . | . . . Exploration Rate (%) 43 | 3 51 76 Regions Visited 2 Branch Regions 1 Pre-discovered Areas 1 | . . 1 Known Exits Taken . | . . . Unknown Exits Taken 2 | 1 1 . Scrap Searched 2 | . . 2 Spaces Dug . | . . . Terrain Destroyed 46 | . . 46 Melee . | . . . Projectile 3 | . . 3 AOE 43 | . . 43 Terrain Rammed . | . . . Walls Destroyed . | . . . Machines Disabled . | . . . Actions | -11 -10 -10 --------- Run | Yrd Mat Sub Total 2071 | 87 275 1709 Wait 110 | 2 2 106 Move 1767 | 52 236 1479 Hop . | . . . Pick Up 29 | 5 14 10 Fast Attach 8 | 6 . 2 Attach 7 | 1 . 6 Detach . | . . . Swap 15 | . 3 12 Drop 20 | . 3 17 Fire 77 | 21 17 39 Melee 37 | . . 37 Ram . | . . . Kick . | . . . Crush . | . . . Escape Stasis . | . . . Rewire . | . . . Trap 1 | . . 1 Miscellaneous . | . . . Route ------- -11/Scrapyard -10/Materials (discovered 3 exits: [*Mat x2] / *Sub) -10/Subcaves (discovered 2 exits: [*Mat x2]) History --------- Turn | Location | Event 3 | -11/Scrapyard | Discovered new exit (range 16) 131 | -11/Scrapyard | Entered Materials 285 | -10/Materials | Discovered new exit (range 14) 310 | -10/Materials | Build established: Mutant 411 | -10/Materials | Discovered new exit (range 16) 480 | -10/Materials | Discovered new exit (range 13) 534 | -10/Materials | Entered Subcaves 535 | -10/Subcaves | Approached by a straggling Scientist 1270 | -10/Subcaves | Shifting Twisted Machinery released Piercing Trap 1339 | -10/Subcaves | Visited 4L-MR0's lab 1397 | -10/Subcaves | Learned location of Storage (-7) 1428 | -10/Subcaves | Core integrity fell below 50% 1480 | -10/Subcaves | Lost 4 parts (1p2n1u) 1491 | -10/Subcaves | Found Arachnoskeleton 1980 | -10/Subcaves | Found SUBCON Basin 2188 | -10/Subcaves | Learned Materials garrison access intel 2624 | -10/Subcaves | Discovered new exit (range 14) 2674 | -10/Subcaves | Discovered new exit (range 11) 3728 | -10/Subcaves | Shifting Twisted Machinery released Sub. Monowheel 4022 | -10/Subcaves | Core integrity fell below 20% 4028 | -10/Subcaves | Destroyed by OZ-R75(R) with Subdweller Laser Last Messages --------------- 03336_ Acquired 10 matter. 03337_ Searching scrap... 03337_ Found Mak. Shrapnel Gun. 03337_ Found 59 Matter. 03345_ Subatomizers dissect the Sub. Monowheel. 03374_ CL-VLQ(R): "LEAVESUB!" 03391_ CL-VLQ(R) suffers critical hit (Meltdown). 03401_ Dropped Med. Laser. 03402_ Acquired Sub. Beam Cannon. Sub. Monowheel falls loose from the Twisted Machinery. 03752_ O5-4A8(R) destroyed. 03754_ EM Shotgun destroyed. 03756_ A9-849(R) destroyed. 03761_ Acquired 10 matter. 03769_ Acquired Sub. Laser. 03772_ Subatomizers dissect the Sub. Optics. 03982_ AD-K6C(R) emerges from the Twisted Machinery. 03985_ T8-63Z(R) destroyed. 03991_ AD-K6C(R) destroyed. 04024_ T8-BQG(R) destroyed. Map ----- +----------------------------------------------------+ | ????????????????????????????????????????????#????? | | ???????????????????????????????????????????## ## | | ??????????????????????????????????????????## " " | | ?????????????????????????????????????????## "" | | ?????????????????????????????????????????# | | ??????????????????????????????????????????? | | ????????????????????????????????????????????# | | ???????????????????????????????????????????## | | ???????????????????????????????????????????# | | ??????????????????????????????????? ?????# | | ??????????????????????????????????? ????# | | ??????????????????????????????????? ????# | | ??????????????????????????????????? #???## ? | | ???????????????????????????????????# #???# ?? | | ????????????????????????????##????## #???# ?? | | ???????????????????????????## #??## ###??# #?? | | ????????????????? ?????????? ### ##?# ##? | | ?????????????????" ?????????? ### ## | | ?????????????????""#########??# ## # | | ?????????????????"" #! ###?# ## | | ??????????????????""%[ ;### | | ??????????????????#"R ;## ## | | ????????????????????#; ## ### | | ????????????????????#; ## | | ?????????????????# # & | | ???????????????""" " %@ ####### | | ???????????????""""" ##?????## ### | | ????????????????""""; ##???????####?## | | ????????????????" ""# #??????????????# | | ????????????????#""?# ; ???????????## | | ????????????????????#; ; ?????????# | | ??????????????????? # & ?????????## | | ?????????????????? # & ## ?????????# | | ?????????????????# ?##; ##???????????? | | ????????????????? ??? ;;######????????????? | | ????????????????# ???## ;; ##?????????????????? | | ????????????????##????# ###??????????????????? | | ??????????????????????#;;;###????????????????????? | | ??????????????????????####???????????????????????? | | ?????????????????????????????????????????????????? | | ?????????????????????????????????????????????????? | | ?????????????????????????????????????????????????? | | ?????????????????????????????????????????????????? | | ?????????????????????????????????????????????????? | | ?????????????????????????????????????????????????? | | ?????????????????????????????????????????????????? | | ?????????????????????????????????????????????????? | | ?????????????????????????????????????????????????? | | ?????????????????????????????????????????????????? | | ?????????????????????????????????????????????????? | +----------------------------------------------------+ Best States ------------- Heat Dissipation 25 Energy Generation 10 Energy Capacity 250 Matter Stores 300 Matter Capacity 300 Sight Range 16 Terrain Scan Range 16 Terrain Scan Density 10 Armor Coverage 225 Evasion (%) 40 Recoil Reduction 2 Item Schematics ----------------- Huge Storage Unit | -10/Materials | Hacked Robot Schematics ------------------ None Fabricated ------------ Nothing Repaired ---------- Nothing Studied --------- None Alien Tech Used ----------------- None Achievements -------------- None Challenges ------------ None Game ------ Seed BoreSystemGutpuncher Manual? 0 Play Time 00:18:05 Cumulative 1276.7 hours Start 2026.01.24 @ 20:47:05 End 2026.01.24 @ 21:02:16 Sessions 1 Manual Loads 0 Difficulty Rogue Special Mode None Game No. 437 Rogue 432 Adventurer 4 Explorer 1 Win Type - Total 28 Types 15/5/1/2/0/1/1/0/2/1 Lore% 97 Gallery% 96 Achievement% 83 Wizard Run 0 Options --------- Layout 0 ASCII 0 Keyboard 0 Movement Numpad Keybinds 0 Fullscreen 2 Font 18/SmallcapsGlow Map View 76x50 Zoom Use 0% Tactical HUD 1 Map Filters NONE Filters NONE Steam 1 RUN: 2c7e1c83-5111-4901-96a8-8e2db39bb130